 Dungeon Crawl Stone Soup version 0.24-a0-346-ge062c78e24 (webtiles) character file.

Game seed: 9617249451354581734

100124 MachJacob the Basher (level 15, -4/127 HPs)
             Began as a Yellow Draconian Air Elementalist on May 21, 2019.
             Was the Champion of Makhleb.
             Slain by a spark wasp (15 damage)
             ... on level 15 of the Dungeon on May 22, 2019.
             The game lasted 02:36:30 (52110 turns).

MachJacob the Basher (DrAE)                        Turns: 52110, Time: 02:36:31

Health: -4/127     AC: 15    Str: 10    XL:     15   Next: 79%
Magic:  0/30       EV: 22    Int: 20    God:    Makhleb [******]
Gold:   1185       SH:  0    Dex: 17    Spells: 9/36 levels left

rFire    . . .     SeeInvis .   w - +3 whip (drain)
rCold    . . .     Gourm    .   (no shield)
rNeg     . . .     Faith    .   (armour unavailable)
rPois    .         Spirit   +   P - +2 hat {MR+}
rElec    .         Reflect  .   C - +0 cloak
rCorr    +         Harm     .   x - +0 pair of gloves
MR       ++...                  q - +1 pair of boots
Stlth    ++........             u - amulet of guardian spirit
HPRegen  0.31/turn              s - +3 ring of dexterity
MPRegen  0.22/turn              z - +2 ring of evasion

@: very slightly contaminated, invisible
A: spit acid, unfitting armour, acidic bite, cold-blooded, acid resistance, AC
+9
a: Breathe Acid, Minor Destruction, Lesser Servant of Makhleb, Major
Destruction, Greater Servant of Makhleb, Renounce Religion


You were on level 15 of the Dungeon.
You worshipped Makhleb.
Makhleb was exalted by your worship.
You were hungry.

You visited 6 branches of the dungeon, and saw 26 of its levels.
You also visited: Sewer.

You collected 2375 gold pieces.
You spent 1190 gold pieces at shops.

Inventory:

Hand Weapons
 a - a +5 whip of electrocution
 w - a +3 whip of draining (weapon)
Missiles
 S - 53 arrows
Armour
 q - a +1 pair of boots (worn)
 x - a +0 pair of gloves (worn)
 C - a +0 cloak (worn)
 P - a +2 hat of magic resistance (worn)
 Q - a +2 large shield
Magical Staves
 b - an uncursed staff of air
Jewellery
 r - an uncursed ring of fire
 s - a +3 ring of dexterity (left hand)
 u - an amulet of guardian spirit (around neck)
 z - a +2 ring of evasion (right hand)
 N - an uncursed ring of ice
Wands
 f - a wand of acid (4)
 k - a wand of disintegration (15)
 y - a wand of paralysis (42)
 E - a wand of enslavement (12)
 R - a wand of iceblast (12)
Scrolls
 d - 7 scrolls of teleportation
 g - 2 scrolls of fog
 n - a scroll of remove curse
 p - 2 scrolls of identify
 v - 2 scrolls of amnesia
 D - 4 scrolls of summoning
 F - a scroll of enchant armour
 H - 3 scrolls of blinking
 K - a scroll of magic mapping
 M - a scroll of brand weapon
 O - a scroll of enchant weapon
Potions
 c - 7 potions of flight
 h - 2 potions of magic
 i - 5 potions of might
 j - 3 potions of agility
 l - 9 potions of curing
 m - 7 potions of lignification
 o - 3 potions of haste
 A - 3 potions of ambrosia
 B - 3 potions of brilliance
 G - 3 potions of mutation
 I - 3 potions of cancellation
 J - a potion of heal wounds
 L - a potion of berserk rage
Comestibles
 e - 35 rations
 T - 3 chunks of flesh


   Skills:
 - Level 10.3 Fighting
 - Level 12.0 Maces & Flails
 - Level 10.4 Dodging
 - Level 1.7 Stealth
 - Level 11.0 Spellcasting
 - Level 10.0 Conjurations
 * Level 7.5 Summonings
 * Level 2.6 Ice Magic
 - Level 10.0 Air Magic
 + Level 9.9 Invocations
 - Level 5.0 Evocations


You had 9 spell levels left.
You knew the following spells:

 Your Spells              Type           Power        Failure   Level  Hunger
a - Shock                 Conj/Air       ####         1%          1    None
b - Swiftness             Chrm/Air       ####....     1%          2    None
c - Static Discharge      Conj/Air       ######..     1%          3    None
d - Spellforged Servitor  Conj/Summ      #####.....   82%         7    #######
e - Summon Butterflies    Summ           #####...     1%          1    None
f - Summon Ice Beast      Ice/Summ       ####....     8%          4    ##.....
s - Summon Lightning Spi  Summ/Air       #####...     1%          4    ##.....
z - Lightning Bolt        Conj/Air       ######....   2%          5    ####...

Your spell library contained the following spells:

 Spells                   Type           Power        Failure   Level  Hunger
 Summon Small Mammal      Summ           ####         1%          1    None
 Call Canine Familiar     Summ           #####...     1%          3    None
 Airstrike                Air            ######....   1%          4    ##.....
 Recall                   Summ/Tloc      N/A          4%          3    None
 Animate Skeleton         Necr           N/A          6%          1    None
 Apportation              Tloc           ##....       6%          1    None
 Confusing Touch          Hex            ##....       6%          1    None
 Corona                   Hex            ##.....      6%          1    None
 Slow                     Hex            ##......     10%         2    None
 Conjure Ball Lightning   Conj/Air       ######....   16%         6    ######.
 Inner Flame              Hex/Fire       ##......     19%         3    None
 Portal Projectile        Hex/Tloc       ##....       19%         3    None
 Silence                  Hex/Air        ####......   22%         5    ####...
 Summon Mana Viper        Hex/Summ       ####....     36%         5    ####...
 Shadow Creatures         Summ           N/A          41%         6    ######.
 Cause Fear               Hex            ##........   52%         4    ##.....
 Leda's Liquefaction      Hex/Erth       ##........   52%         4    ##.....
 Deflect Missiles         Chrm/Air       ####......   77%         6    ######.
 Summon Hydra             Summ           #####.....   94%         7    #######
 Tornado                  Air            ######....   100%        9    #######


Dungeon Overview and Level Annotations

Branches:
Dungeon (15/15)            Temple (1/1) D:7            Lair (6/6) D:8
 Shoals (0/4) Lair:2       Spider (1/4) Lair:3        Slime (0/5) Lair:6
    Orc (2/2) D:9             Elf (0/3) Orc:2        Vaults (0/5) D:14
 Depths (1/5) D:15

Altars:
Ashenzari
Cheibriados
Dithmenos
Fedhas
Gozag
Hepliaklqana
Kikubaaqudgha
Makhleb
Nemelex Xobeh
Okawaru
Qazlal
Ru
Sif Muna
Trog
Uskayaw
Vehumet
Wu Jian
Xom
Yredelemnul
Zin
The Shining One
Beogh

Shops:
D:4 *   D:5 ?   D:8 *   D:10 }   D:13 *   D:15 :[([   Orc:2 [*?}

Portals:
Trove: D:10 (give ring "Gitam")

Annotations:
D:14 2 transporters


Innate Abilities, Weirdness & Mutations

You can spit globs of acid.
Your golden yellow scales are hard. (AC +9)
You cannot fit into any form of body armour.
You have acidic saliva.
You are cold-blooded and may be slowed by cold attacks.
You are resistant to acid. (rCorr)


Message History

Unknown command.
You don't have any unidentified items.
Unknown command.
You fade into invisibility!
The spark wasp misses you.
The great orb of eyes pulsates ominously.
The great orb of eyes completely misses you.
Your ice beast barely misses the spark wasp.
Your ice beast hits the great orb of eyes.
Your ice beast freezes the great orb of eyes!
The great orb of eyes dies!
Makhleb accepts your kill.
Wield which item (- for none, * to show all)? (? for menu, Esc to quit)
Your +5 whip of electrocution stops crackling.
You sense an unholy aura.
w - a +3 whip of draining (weapon)
The spark wasp stings you!
* * * LOW HITPOINT WARNING * * *
The spark wasp shocks you!
You die...

##........)....## #.......#....#
.#..........#...####....#(.##..##
......#..........##.....#.......#
....).##....###..##.............#
.u.<)..#.#...##.........##......#
.#u##)#.####.##..........#.....##
##..#.).####.###.......∩.......#
#..##......#..####....#..##....##
#......##.....##@##....###......#
#............##.y.##............#
..........#..#YY#..##............
.........##..#..#..##...........#
.........#...#..#..#...........##
.......#.....#..#..#..........##
....####.....#..#..#..........#
.............##...##..........#
............[.##.###..........###


You could see a spark wasp and 2 friendly ice beasts.

Vanquished Creatures
  Gastronok (D:9)
  2 fire dragons
  An ogre mage (D:14)
  2 ice dragons (D:15)
  7 hydras
  2 centaur warriors
  2 dancing weapons
  A catoblepas (Lair:5)
  10 two-headed ogres
  4 orc high priests (Orc:2)
  7 death yaks
  Urug (D:10)
  A wizard (Depths:1)
  An unseen horror (D:14)
  Pikel (D:6)
  20 ugly things
  3 oklob plants (Lair:4)
  4 orc knights
  6 orc sorcerers
  2 cyclopes
  A wolf spider (Spider:1)
  6 black mambas
  9 spiny frogs
  2 gargoyles
  4 molten gargoyles (D:14)
  4 elephants (Lair:6)
  A torpor snail (Lair:6)
  3 rime drakes
  5 komodo dragons
  3 kobold demonologists
  A queen bee (D:9)
  A jumping spider (Lair:3)
  10 trolls
  Grinder (D:5)
  Prince Ribbit (D:6)
  3 hornets
  A hippogriff (shapeshifter) (D:14)
  19 slime creatures
  14 blink frogs
  11 dream sheep
  6 hippogriffs
  Sigmund (D:3)
  A water elemental (D:14)
  A shadow (D:15)
  51 yaks
  A tarantella (Spider:1)
  A fire elemental (D:14)
  A spriggan (D:8)
  2 wyverns
  3 basilisks
  5 vampire mosquitoes
  A hungry ghost (D:9)
  5 wargs
  16 water moccasins
  Duvessa (D:6)
  4 porcupines
  26 orc warriors
  A meliai simulacrum (D:15)
  2 slaves (D:6)
  4 black bears
  A necrophage (D:12)
  4 ice beasts
  A hornet zombie (D:15)
  4 sky beasts
  20 ogres
  16 wolves
  14 centaurs
  4 phantoms
  11 crocodiles
  4 big kobolds
  21 bullfrogs
  A wyvern zombie (D:9)
  6 scorpions
  Dowan (D:6)
  2 troll zombies (D:9)
  30 killer bees
  3 wights (D:15)
  9 howler monkeys
  3 electric eels
  13 jellies
  8 crimson imps
  6 centaur zombies
  A lava snake (D:14)
  A quasit (D:10)
  36 orc priests
  23 orc wizards
  10 centaur skeletons
  5 hounds
  4 bullfrog skeletons
  Jessica (D:3)
  14 worker ants
  3 iguanas
  4 ogre zombies (D:9)
  A hound skeleton (D:5)
  A worker ant zombie (D:8)
  3 gnolls (D:10)
  14 adders
  A river rat (Sewer)
  5 shadow imps
  6 oozes (D:5)
  An adder zombie (D:7)
  2 adder skeletons
  5 worms
  A dart slug (D:3)
  14 leopard geckos
  85 orcs
  3 ball pythons
  11 giant cockroaches
  16 goblins
  7 hobgoblins
  7 jackals
  3 quokkas
  10 bats
  4 frilled lizards (D:1)
  A goblin skeleton (D:9)
  2 goblin zombies (D:9)
  2 hobgoblin zombies (D:9)
  25 kobolds
  A leopard gecko zombie (D:5)
  3 orc skeletons (D:9)
  11 orc zombies (D:9)
  13 rats
  7 plants
860 creatures vanquished.

Vanquished Creatures (collateral kills)
  A spark wasp (Depths:1)
  A great orb of eyes (D:15)
  2 ugly things
  A black mamba (Lair:4)
  A komodo dragon (D:8)
  A blink frog (Lair:4)
  2 dream sheep (Lair:5)
  3 yaks (Lair:6)
  A wolf (Lair:3)
  A bullfrog (Lair:1)
  An electric eel (D:14)
  A plant (D:14)
16 creatures vanquished.

Vanquished Creatures (others)
  A ball python (D:6)
  A kobold (D:14)
  A bush (Lair:2)
  11 fungi
  25 plants
  5 toadstools (D:5)
44 creatures vanquished.

Grand Total: 920 creatures vanquished

Notes
Turn   | Place    | Note
-------+----------+-------------------------------------------
     0 | D:1      | MachJacob the Draconian Air Elementalist began the quest
                  | for the Orb.
     0 | D:1      | Reached XP level 1. HP: 14/14 MP: 3/3
   635 | D:1      | Reached XP level 2. HP: 20/20 MP: 1/5
   873 | D:1      | Learned a level 2 spell: Swiftness
  1311 | D:1      | Reached XP level 3. HP: 26/26 MP: 3/6
  1327 | D:1      | Learned a level 3 spell: Static Discharge
  1751 | D:2      | Noticed an ogre
  1974 | D:2      | Killed an ogre
  1974 | D:2      | Reached XP level 4. HP: 32/33 MP: 0/8
  1974 | D:2      | Reached XP level 5. HP: 36/38 MP: 0/9
  2071 | D:2      | Found a burning altar of Makhleb.
  2081 | D:2      | Became a worshipper of Makhleb the Destroyer
  2127 | D:2      | Found a radiant altar of Vehumet.
  2127 | D:2      | Found a glowing golden altar of the Shining One.
  2128 | D:2      | Found a bloodstained altar of Trog.
  2140 | D:2      | Found a deep blue altar of Sif Muna.
  2771 | D:3      | Noticed Jessica
  3122 | D:3      | Noticed Sigmund
  3424 | D:4      | Reached * piety under Makhleb
  3439 | D:4      | Noticed an ogre
  3459 | D:4      | Killed an ogre
  3459 | D:4      | Reached XP level 6. HP: 45/45 MP: 1/10
  3914 | D:4      | Found Gozag's Platinum Reserve.
  4091 | D:4      | Reached skill level 5 in Air Magic
  4251 | D:4      | Found an opulent altar of Gozag.
  4489 | D:5      | Entered Level 5 of the Dungeon
  4546 | D:5      | Noticed an ice beast
  4658 | D:5      | Killed an ice beast
  4658 | D:5      | Your scales start taking on a golden yellow colour.
  4658 | D:5      | Reached XP level 7. HP: 33/50 MP: 1/12
  4658 | D:5      | Gained mutation: You are resistant to acid. (rCorr) [Yellow
                  | Draconian growth]
  5195 | D:5      | Noticed a slime creature
  5196 | D:5      | Noticed a slime creature
  5196 | D:5      | Noticed a slime creature
  5293 | D:5      | Noticed Grinder
  5400 | D:6      | Noticed Pikel
  5442 | D:5      | Learned a level 5 spell: Lightning Bolt
  5536 | D:6      | Noticed Prince Ribbit
  5553 | D:6      | Killed Prince Ribbit
  5553 | D:6      | Reached skill level 5 in Conjurations
  5647 | D:6      | Found a glowing drain.
  5660 | Sewer    | Entered a sewer
  5781 | Sewer    | Reached ** piety under Makhleb
  5811 | Sewer    | Reached XP level 8. HP: 57/57 MP: 3/13
  5969 | Sewer    | Found a white marble altar of Elyvilon.
  6840 | D:6      | Found a basalt altar of Yredelemnul.
  6906 | D:6      | Noticed Dowan
  7584 | D:7      | Found a staircase to the Ecumenical Temple.
  7634 | D:7      | Reached XP level 9. HP: 53/62 MP: 2/16
  7996 | D:7      | Found an ancient bone altar of Kikubaaqudgha.
  8268 | Temple   | Entered the Ecumenical Temple
  8442 | D:8      | Noticed a troll
  8444 | D:8      | Noticed a troll
  8468 | D:7      | Killed a troll
  8468 | D:7      | Reached skill level 5 in Spellcasting
  8782 | D:8      | Found an ornate altar of the Wu Jian Council.
  8782 | D:8      | Found a shimmering altar of Xom.
  8783 | D:8      | Found a stormy altar of Qazlal.
  8881 | D:8      | Reached *** piety under Makhleb
  8881 | D:8      | Reached skill level 5 in Dodging
  9209 | D:8      | Found a staircase to the Lair.
  9362 | D:8      | Killed a troll
  9767 | D:8      | Reached XP level 10. HP: 69/69 MP: 10/18
 10157 | D:8      | Found Ecviefen's Lightly-Used Armoury.
 10574 | D:9      | Reached **** piety under Makhleb
 10710 | D:9      | Reached skill level 1 in Invocations
 10867 | D:9      | Found a staircase to the Orcish Mines.
 10893 | D:9      | Reached skill level 1 in Fighting
 11704 | D:9      | Noticed Gastronok
 13218 | D:10     | Entered Level 10 of the Dungeon
 13482 | D:10     | Noticed Urug
 13798 | D:9      | Reached skill level 10 in Air Magic
 13905 | D:10     | Reached ***** piety under Makhleb
 14093 | D:10     | Found a portal to a secret trove of treasure.
 14184 | D:10     | Noticed a gargoyle
 14614 | D:9      | Killed a gargoyle
 14614 | D:9      | Reached XP level 11. HP: 42/82 MP: 20/20
 14903 | D:11     | Noticed a two-headed ogre
 15128 | D:3      | Killed Sigmund
 15401 | D:3      | Killed Jessica
 15472 | D:6      | Noticed Duvessa
 15480 | D:6      | Killed Dowan
 15487 | D:6      | Killed Duvessa
 15499 | D:6      | Killed Pikel
 15653 | D:5      | Killed Grinder
 15685 | D:5      | Reached skill level 10 in Conjurations
 15705 | D:5      | Found Mekhatzo's Magic Scroll Shoppe.
 16273 | Lair:1   | Entered Level 1 of the Lair of Beasts
 18170 | Lair:1   | Reached skill level 5 in Invocations
 18221 | Lair:1   | Reached skill level 5 in Fighting
 19346 | Lair:2   | Found a staircase to the Shoals.
 20360 | Lair:2   | Noticed a five-headed hydra
 20367 | Lair:2   | Killed a five-headed hydra
 20848 | Lair:3   | Reached XP level 12. HP: 96/96 MP: 11/23
 21253 | Lair:3   | Found a hole to the Spider Nest.
 21473 | Lair:3   | Reached skill level 1 in Maces & Flails
 22179 | Lair:3   | Found an iron altar of Okawaru.
 22407 | Lair:3   | Reached skill level 2 in Maces & Flails
 23423 | Lair:3   | Reached skill level 3 in Maces & Flails
 23506 | Lair:4   | Noticed a seven-headed hydra
 23512 | Lair:4   | Killed a seven-headed hydra
 23516 | Lair:4   | Noticed a five-headed hydra
 23650 | Lair:3   | Killed a five-headed hydra
 23791 | Lair:3   | Reached skill level 4 in Maces & Flails
 24050 | Lair:4   | Noticed a death yak
 24072 | Lair:3   | Killed a death yak
 24265 | Lair:4   | Noticed a death yak
 24503 | Lair:4   | Reached skill level 5 in Maces & Flails
 24523 | Lair:4   | Noticed a death yak
 24524 | Lair:4   | Noticed a death yak
 24613 | Lair:3   | Killed a death yak
 24925 | Lair:3   | Killed a death yak
 25034 | Lair:3   | Killed a death yak
 25034 | Lair:3   | Reached XP level 13. HP: 104/107 MP: 6/25
 25386 | Lair:4   | Reached skill level 6 in Maces & Flails
 26685 | Lair:5   | Reached skill level 7 in Maces & Flails
 28853 | Lair:6   | Entered Level 6 of the Lair of Beasts
 29054 | Lair:5   | Reached skill level 8 in Maces & Flails
 29972 | Lair:6   | Found a staircase to the Slime Pits.
 30506 | Lair:5   | HP: 2/111 [dream sheep[a torpor snail] (16)]
 30929 | Lair:6   | Reached skill level 10 in Spellcasting
 31112 | Lair:6   | Reached skill level 9 in Maces & Flails
 31385 | Lair:6   | Gained mutation: You have acidic saliva. [Yellow Draconian
                  | growth]
 31385 | Lair:6   | Reached XP level 14. HP: 103/118 MP: 6/28
 32428 | Lair:6   | Reached skill level 10 in Dodging
 32976 | Orc:1    | Entered Level 1 of the Orcish Mines
 32987 | Orc:1    | Upgraded the game from 0.24-a0-342-gad4687c37d to
                  | 0.24-a0-346-ge062c78e24
 34368 | Orc:2    | Entered Level 2 of the Orcish Mines
 35490 | Orc:2    | Reached skill level 10 in Fighting
 36107 | Orc:2    | Reached skill level 10 in Maces & Flails
 37386 | Orc:2    | Paralysed by an orc sorcerer for 4 turns
 37757 | Orc:2    | Found a staircase to the Elven Halls.
 37838 | Orc:2    | Found Ockoip's General Store.
 37838 | Orc:2    | Found Saff's Gadget Shop.
 37839 | Orc:2    | Found Netev's Magic Scroll Shop.
 37842 | Orc:2    | Found Utaste Zixt's Armour Boutique.
 38053 | Spider:1 | Entered Level 1 of the Spider Nest
 38126 | Spider:1 | Reached ****** piety under Makhleb
 38848 | D:9      | Found a staircase to the Orcish Mines.
 39004 | D:9      | Killed Gastronok
 39004 | D:9      | Reached skill level 1 in Evocations
 39152 | D:10     | Killed Urug
 39348 | D:10     | Found Vatadyd's Gadget Emporium.
 40343 | D:10     | Identified a scroll of acquirement
 40343 | D:10     | Identified the Incunabulum of Quantum Calling (You acquired
                  | it on level 10 of the Dungeon)
 40359 | D:10     | Learned a level 7 spell: Spellforged Servitor
 40760 | D:11     | Reached skill level 1 in Summonings
 42044 | D:12     | Found a sparkling altar of Nemelex Xobeh.
 42780 | D:12     | You fall into a shaft and drop 2 floors!
 43341 | D:13     | Reached skill level 11 in Maces & Flails
 44468 | D:13     | Reached XP level 15. HP: 112/127 MP: 2/29
 44992 | D:13     | Found Ilawnaic's General Store.
 45420 | D:14     | Noticed an orc warlord
 45421 | D:14     | Found a roughly hewn altar of Beogh.
 45421 | D:14     | Found a transporter.
 47416 | D:13     | Reached skill level 5 in Evocations
 47643 | D:14     | Found a gate to the Vaults.
 47685 | D:14     | Found a transporter.
 48088 | D:15     | Entered Level 15 of the Dungeon
 48262 | D:15     | Reached skill level 5 in Summonings
 48409 | D:14     | Learned a level 1 spell: Summon Butterflies
 48743 | D:15     | Found Umaut's Antique Armour Shop.
 49176 | D:15     | Found Sereut's Antique Armour Boutique.
 49816 | D:14     | Reached skill level 12 in Maces & Flails
 50229 | D:15     | Paralysed by an ogre mage for 4 turns
 50513 | D:15     | Learned a level 4 spell: Summon Ice Beast
 50895 | D:15     | Found Zyprag's Weapon Shoppe.
 50914 | D:15     | Reached skill level 1 in Ice Magic
 51048 | D:15     | Found Munuer Zaci's Book Emporium.
 51070 | D:15     | Bought a book of Cantrips for 280 gold pieces
 51070 | D:15     | Bought a book of the Sky for 910 gold pieces
 51085 | D:15     | Learned a level 4 spell: Summon Lightning Spire
 51836 | D:15     | Found a staircase to the Depths.
 51865 | Depths:1 | Entered Level 1 of the Depths
 52110 | D:15     | Slain by a spark wasp

Levels and vault maps discovered:
D:1:      noname_arrival_rooms_in_the_neighbourhood, layout_basic
D:2:      layout_basic, bloody_makhleb, nicolae_overflow_quartered_altars,
          hangedman_decor_clover_reticule, minmay_box_of_dots
D:3:      layout_loops_ring, elyvilon_altar_3, first_ration, uniq_sigmund,
          uniq_jessica
D:4:      layout_loops_ring, nicolae_gozag_zags_fifth_avenue
D:5:      cheibrodos_fertilizer, layout_layer_cave, serial_shops,
          nicolae_shop_behind_doors, dk_vineyard_2, uniq_grinder
D:6:      layout_loops_ring, lemuel_coloured_pillars_altar,
          gup_sewer_entry_pipe, uniq_duvessa, uniq_prince_ribbit1, uniq_pikel
D:7:      layout_basic, kiku_gazebo_garden_becter, minmay_temple_entry_arrows
D:8:      layout_loops_ring, gammafunk_temple_overflow_claw,
          grunt_lair_entry_orc_guard_hut, the_bakery,
          hangedman_abyss_or_decor_stagger, minmay_shop_damaged,
          minmay_chambers_of_fives
D:9:      layout_gridville, zombieorc1_lemuel, special_room [special_room_bee],
          grunt_decor_resistance, uniq_gastronok
D:10:     minmay_razor_zed, layout_gridville, nicolae_trove_entry_free_sample,
          serial_shops, shop_fountains, minmay_misc_feat_square, uniq_urug
D:11:     layout_basic, enter_bailey_3
D:12:     layout_roguey, lemuel_centaur_altar
D:13:     layout_big_octagon, serial_shops, shop
D:14:     gammafunk_beogh_shrine, layout_rooms, erik_vaults_1, serial_bayou,
          serial_bayou_lagoon_a, serial_bayou_pond_e, serial_bayou_crossing,
          serial_bayou_shore_b, grunt_decor_mini_mirrors, minivault_8
D:15:     grunt_enter_depths_hoard, layout_cave_pools, serial_shops, shop,
          nicolae_shop_trees, nicolae_shop_trees, shop_coins,
          hangedman_decor_diamond_cutter
Temple:   compressed_dpeg_circular_temple
Lair:1:   layout_cave_pods, grunt_megastairs_4
Lair:2:   layout_gridlike, minmay_shoals_entry_centaurs
Lair:3:   layout_roguey, spider_nest_entry_funnel_web, basic_altar
Lair:4:   layout_regular_city, grunt_megastairs_3, serial_bayou_shore_a,
          infiniplex_staircase_pool_2, minmay_lair_oklob_chamber,
          lemuel_fruit_fields
Lair:5:   layout_cave_pods, minivault_24, minmay_shattered_shrine
Lair:6:   due_jungle_book, layout_cave_pods, minmay_slime_entry_pillars
Spider:1: layout_spider_delve, drop_trap
Orc:1:    layout_diamond_mine
Orc:2:    st_orc_mages, layout_caves
Depths:1: layout_cave_pools, serial_shops, shop, lightli_too_deep,
          serial_bayou_pond_a, onia_ninara_cookie

Skill      XL: |  1  2  3  4  5  6  7  8  9 10 11 12 13 14 15 |
---------------+----------------------------------------------+-----
Dodging        | 2 3 4 5 6 7 8 9 10 | 10.4
Conjurations   | 2 3 4 5 6 8 9 10 | 10.0
Air Magic      | 4 5 6 7 9 10 | 10.0
Spellcasting   | 3 4 5 6 7 8 10 11 | 11.0
Invocations    | 3 6 7 8 9 |  9.9
Fighting       | 3 6 7 9 10 | 10.3
Maces & Flails | 5 9 11 12 | 12.0
Evocations     | 4 5 |  5.0
Summonings     | 3 7 |  7.5
Ice Magic      | 2 |  2.6
Stealth        | |  1.7

Action                   |  1- 3 |  4- 6 |  7- 9 | 10-12 | 13-15 || total
-------------------------+-------+-------+-------+-------+-------++-------
Melee: Unarmed           |    20 |       |       |       |       ||    20
       Tailslap          |     3 |     1 |     2 |    34 |   127 ||   167
       Whip              |       |     7 |    57 |   244 |   595 ||   903
       Staff             |       |       |       |    24 |    18 ||    42
       Bite              |       |       |       |       |    75 ||    75
 Cast: Shock             |    78 |   127 |   309 |   605 |   966 ||  2085
       Static Discharge  |       |     5 |    27 |   146 |   490 ||   668
       Lightning Bolt    |       |       |       |    29 |    78 ||   107
       Swiftness         |       |       |       |     3 |     2 ||     5
       Summon Ice Beast  |       |       |       |       |     7 ||     7
       Summon Lightning  |       |       |       |       |     4 ||     4
Invok: Minor Destruction |       |       |       |    10 |    22 ||    32
       Lesser Servant of |       |       |       |     6 |     7 ||    13
       Major Destruction |       |       |       |       |     7 ||     7
 Abil: Breathe Acid      |       |       |     3 |    18 |    32 ||    53
Evoke: Wand              |       |       |       |     4 |    12 ||    16
  Use: Scroll            |       |    13 |     1 |     9 |    14 ||    37
       Potion            |       |       |       |     3 |     5 ||     8
 Stab: Distracted        |       |       |     1 |       |       ||     1
  Eat: Chunk             |     4 |     9 |    18 |    33 |    56 ||   120
       Ration            |       |       |       |     8 |    14 ||    22
Armor: Skin              |    12 |     5 |    43 |   161 |   278 ||   499
Dodge: Dodged            |    25 |    16 |    84 |   597 |  1219 ||  1941

Table legend:
 A = Non-vault XP
 B = Vault XP
 C = Vault XP percentage of total XP
 D = Non-vault monster count
 E = Vault monster count
 F = Vault count percentage of total count
                 A         B        C        D         E       F
            +---------+---------+-------+---------+---------+-------
      Total |  109272 |   33763 |  23.6 |     663 |     203 |  23.4
            +---------+---------+-------+---------+---------+-------
        D:1 |      58 |       0 |   0.0 |      31 |       0 |   0.0
        D:2 |     146 |      14 |   8.8 |      13 |       2 |  13.3
        D:3 |      91 |     257 |  73.9 |      31 |       2 |   6.1
        D:4 |     367 |       0 |   0.0 |      13 |       0 |   0.0
        D:5 |     586 |     911 |  60.9 |      14 |      17 |  54.8
        D:6 |     552 |    1183 |  68.2 |      18 |      11 |  37.9
        D:7 |    1343 |     400 |  22.9 |      32 |       2 |   5.9
        D:8 |    2048 |    1200 |  36.9 |      38 |       9 |  19.1
        D:9 |    3315 |    4370 |  56.9 |      26 |      50 |  65.8
       D:10 |    3235 |    1594 |  33.0 |      35 |      12 |  25.5
       D:11 |    3557 |       8 |   0.2 |      18 |       4 |  18.2
       D:12 |    2219 |     459 |  17.1 |      15 |       4 |  21.1
       D:13 |    9298 |     664 |   6.7 |      37 |       1 |   2.6
       D:14 |   20295 |    2657 |  11.6 |      53 |       5 |   8.6
       D:15 |   12154 |    1511 |  11.1 |      48 |       2 |   4.0
     Lair:1 |    2899 |    1047 |  26.5 |      17 |       5 |  22.7
     Lair:2 |    3207 |     222 |   6.5 |      15 |       2 |  11.8
     Lair:3 |    9500 |    3772 |  28.4 |      43 |       5 |  10.4
     Lair:4 |    6765 |    1989 |  22.7 |      27 |       6 |  18.2
     Lair:5 |    8344 |    3251 |  28.0 |      29 |       8 |  21.6
     Lair:6 |    9442 |    2532 |  21.1 |      34 |       8 |  19.0
   Spider:1 |     709 |       0 |   0.0 |       2 |       0 |   0.0
      Orc:1 |    5390 |     177 |   3.2 |      51 |       3 |   5.6
      Orc:2 |    2061 |    5418 |  72.4 |      21 |      34 |  61.8
   Depths:1 |    1691 |       0 |   0.0 |       2 |       0 |   0.0
      Sewer |       0 |     127 | 100.0 |       0 |      11 | 100.0
            +---------+---------+-------+---------+---------+-------
